 Dungeon Crawl Stone Soup version 0.18.1-50-g88ac8fd (webtiles) character file.

21 Firecrotchwizard the Conjurer (level 2, -1/15 HPs)
             Began as a Deep Elf Conjurer on Nov 2, 2016.
             Slain by an adder (2 damage)
             ... on level 2 of the Dungeon.
             The game lasted 00:04:56 (1627 turns).

Firecrotchwizard the Conjurer (Deep Elf Conjurer)   Turns: 1627, Time: 00:04:58

Health: -1/15      AC:  2    Str:  5    XL:     2   Next: 62%
Magic:  8/8        EV: 13    Int: 19    God:
Gold:   35         SH:  0    Dex: 15    Spells: 2 memorised, 4 levels left

rFire  . . .     SeeInvis .     n - +0 club
rCold  . . .     Gourm    .     a - +0 robe
rNeg   . . .     Faith    .     (no shield)
rPois  .         Spirit   .     (no helmet)
rElec  .         Dismiss  .     (no cloak)
rCorr  .         Reflect  .     (no gloves)
SustAt .         Harm     .     (no boots)
MR     .....                    q - amulet of magic regeneration
Stlth  ++........               (no ring)
                                (no ring)

@: not resistant to hostile enchantments, unstealthy
A: no striking features
a: no special abilities


You were on level 2 of the Dungeon.
You were not hungry.

You visited 1 branch of the dungeon, and saw 2 of its levels.

You collected 35 gold pieces.

Inventory:

Hand Weapons
 e - a +2 antimagic dagger (quivered)
 n - a +0 club (weapon)
Missiles
 p - 21 poisoned needles
Armour
 a - a +0 robe (worn)
Jewellery
 q - an amulet of magic regeneration (around neck)
Scrolls
 d - a scroll of teleportation
 f - a scroll of noise {unknown}
 j - a scroll of remove curse {unknown}
 m - a scroll of enchant armour {unknown}
 o - a scroll of magic mapping {unknown}
 r - a scroll of enchant weapon {unknown}
Potions
 g - 2 potions of curing {unknown}
 h - a potion of flight {unknown}
 i - a potion of heal wounds {unknown}
 k - 2 potions of brilliance {unknown}
 l - a potion of lignification {unknown}
Books
 b - a book of Conjurations

   Spells                             Type                      Level
   a - Magic Dart                     Conjuration                  1
   b - Searing Ray                    Conjuration                  2
   c - Dazzling Spray                 Conjuration/Hexes            3
   d - Fulminant Prism                Conjuration/Hexes            4
   e - Iskenderun's Mystic Blast      Conjuration                  4
   f - Iskenderun's Battlesphere      Conjuration/Charms           5
Comestibles
 c - a bread ration


   Skills:
 - Level 2.4 Dodging
 - Level 2.4 Stealth
 - Level 3.0 Spellcasting
 + Level 5.2 Conjurations


You had 4 spell levels left.
You knew the following spells:

 Your Spells              Type           Power        Failure   Level  Hunger
a - Magic Dart            Conj           ###.         1%          1    None
b - Searing Ray           Conj           ###...       2%          2    ##.....


Dungeon Overview and Level Annotations

Branches:
Dungeon (2/15)

Altars:

Annotations:
D:2 Sigmund


Message History

You kill the giant newt!
The giant newt misses you. The giant newt barely misses you.
An adder comes into view.
The helpless adder fails to defend itself.
You hit the adder.
The adder is moderately wounded.
The adder bites you. x2
The giant newt bites you but does no damage.
You closely miss the adder.
The adder is moderately wounded.
The adder closely misses you. The giant newt barely misses you.
The adder bites you but does no damage.
You hit the adder.
The adder is heavily wounded.
The adder bites you.
* * * LOW HITPOINT WARNING * * *
The giant newt bites you.
* * * LOW HITPOINT WARNING * * *
The adder bites you.
You die...

(. #w.......####### ###
#..## #........##...####.#
.....##.......(##.#.#<...#
#...#.####w#......#.####.#
#..#.......########.# #.#
.g#.......###{..g.#.####.#
#..?.....# #g###.#......#
..##....@###l# #.########
.##.......#@# #{#
#........#@#S# #.#
..#!......#g#.. #.#
..#......#.###.#.#
#...#..####.#####.#
.....#. #.@.g...# ...$..
######### #####


You could see an adder, a goblin and a giant newt.

Vanquished Creatures
  An ooze (D:1)
  2 bats (D:1)
  2 giant cockroaches
  4 goblins (D:1)
  2 hobgoblins (D:1)
  A giant newt (D:2)
  3 rats
15 creatures vanquished.

Notes
Turn   | Place    | Note
--------------------------------------------------------------
     0 | D:1      | Firecrotchwizard the Deep Elf Conjurer began the quest for the Orb.
     0 | D:1      | Reached XP level 1. HP: 10/10 MP: 6/6
   756 | D:1      | Reached XP level 2. HP: 15/15 MP: 2/8
   867 | D:1      | Reached skill level 5 in Conjurations
  1023 | D:1      | Learned a level 2 spell: Searing Ray
  1549 | D:2      | Noticed Sigmund
  1627 | D:2      | Slain by an adder

Skill      XL: |  1  2 |
---------------+-------+-----
Conjurations   | 5 |  5.2
Dodging        | |  2.4
Stealth        | |  2.4
Spellcasting   | |  3.0

Action                   || total
-------------------------++-------
Melee: Dagger            ||    35
       Club              ||    42
 Cast: Magic Dart        ||     1
  Use: Scroll            ||     1
 Stab: Sleeping          ||     5
  Eat: Bread ration      ||     1
Armor: Robe              ||    20
Dodge: Dodged            ||    67
